 Seeded DCSS version 0.31-a0-196-g86fe4a5e66 (webtiles) character file.

Game seed: 14272348555984921429 (custom seed)

11 innerfire43 the Trooper (level 2, -1/24 HPs)
             Began as a Demonspawn Monk on June 24, 2023.
             Killed from afar by a dart slug (4 damage)
             ... with a slug dart
             ... on level 1 of the Dungeon.
             The game lasted 00:00:15 (151 turns).

innerfire43 the Trooper (Demonspawn Monk)            Turns: 151, Time: 00:00:15

Health: -1/24      AC:  2    Str: 11    XL:     2   Next: 17%
Magic:  2/2        EV: 13    Int: 11    God:
Gold:   0          SH:  0    Dex: 15    Spells: 1/1 levels left

rFire   . . .        a - +0 mace
rCold   . . .        d - orb {light}
rNeg    . . .        b - +0 robe
rPois   .            (no helmet)
rElec   .            (no cloak)
rCorr   .            (no gloves)
SInv    .            (no boots)
Will    .....        (no amulet)
Stlth   +            (no ring)
HPRegen 0.24/turn    (no ring)
MPRegen 0.08/turn

%: no passive effects
@: glowing
A: weakness stinger 1
a: no special abilities


You were on level 1 of the Dungeon.
You visited 1 branch of the dungeon, and saw 1 of its levels.

Inventory:

Hand Weapons
 a - a +0 mace (weapon)
Armour
 b - a +0 robe (worn)
 d - an orb of light (worn)
Scrolls
 e - a scroll of vulnerability {unknown}


   Skills:
 + Level 3.2 Fighting
 + Level 2.9 Maces & Flails
 + Level 2.9 Dodging


You had one spell level left.
You didn't know any spells.
Your spell library was empty.

Dungeon Overview and Level Annotations

Branches:
Dungeon (1/15)

Altars:


Innate Abilities, Weirdness & Mutations

You have a small tail.


Message History

You bump into the rock wall.
The jackal barely misses you.
The jackal bites you but does no damage. x2
You barely miss the jackal. The jackal completely misses you.
The jackal misses you. The endoplasm barely misses you.
You're too confused to move!
You feel less invigorated.
You feel less confused.
The jackal bites you. x2; The endoplasm barely misses you.
The jackal bites you. The jackal closely misses you.
You sock the jackal!
You kill the jackal!
The jackal misses you. The endoplasm freezes you.
You are frozen.
The jackal barely misses you. The jackal misses you.
You have reached level 2!
Your demonic ancestry asserts itself...
You grow a small tail.
You hit the jackal.
You kill the jackal!
The endoplasm misses you. The jackal barely misses you.
The jackal closely misses you.
You hit the jackal.
The jackal is almost dead.
The jackal closely misses you. The jackal barely misses you.
The endoplasm barely misses you. The jackal bites you. x2
The endoplasm freezes you.
You are frozen.
* * * LOW HITPOINT WARNING * * *
You hit the jackal.
You kill the jackal!
The jackal bites you but does no damage.
The endoplasm barely misses you. The jackal closely misses you.
You hit the endoplasm.
You kill the endoplasm!
The jackal closely misses you. The endoplasm hits you.
* * * LOW HITPOINT WARNING * * *
The jackal bites you.
* * * LOW HITPOINT WARNING * * *
The dart slug launches a dart at you. The slug dart hits you.
You die...

#.#.#.............
#.#...###.....####
..#.###.###.##### .......
............#.# .......
....#.#.#####.## .......
....#.#.##.....# .......
.......)...#...### .......
...........#.....# .......
...........#.#.#@###.......
....#...(###.#.J†h.........
....####.# #.#...w.........
... #.# #............>.. ##
#.# #............... #.#
#.##............ ...
########..... ### .###. .#


You could see a dart slug, an endoplasm and a jackal.

Vanquished Creatures
  An endoplasm (D:1)
  A goblin (D:1)
  3 jackals (D:1)
  2 quokkas (D:1)
  2 bats (D:1)
  A kobold (D:1)
  A rat (D:1)
11 creatures vanquished.

Notes
Turn   | Place    | Note
-------+----------+-------------------------------------------
     0 | D:1      | innerfire43 the Demonspawn Monk began the quest for the
                  | Orb.
     0 | D:1      | Reached XP level 1. HP: 18/18 MP: 1/1
     1 | D:1      | Noticed an electric eel
   148 | D:1      | Gained mutation: You have a small tail. [demonic ancestry]
   148 | D:1      | Reached XP level 2. HP: 12/24 MP: 2/2
   151 | D:1      | Killed from afar by a dart slug

Illustrated notes

Levels and vault maps discovered:
D:1:      arrival_aquarium_a, layout_basic

Action                     || total
---------------------------++-------
  Melee: Mace              ||    22
    Use: Potion            ||     1
 Armour: Robe              ||    15
  Dodge: Dodged            ||    45

Table legend: (Time is in decaauts)
 A = Elapsed time spent in this place.
 B = Non-inter-level travel time spent in this place.
 C = Inter-level travel time spent in this place.
 D = Time resting spent in this place.
 E = Time spent auto-exploring this place.
 F = Levels seen in this place.
 G = Mean time per level.
                   A        B        C        D        E       F      G
               +--------+--------+--------+--------+--------+-----+--------+
         Total |    156 |    156 |      0 |      0 |    101 |   1 |  156.0 |
       Dungeon |    156 |    156 |      0 |      0 |    101 |   1 |  156.0 |
               +--------+--------+--------+--------+--------+-----+--------+

Top non-repeatable levels by time:
     D:1: 156 daAuts
